 Dungeon Crawl Stone Soup version 0.25.1-8-g42b30a86e7 (webtiles) character file.

Game seed: 11180058799686850665

256 VictoriousLee the Slasher (level 5, -1/41 HPs)
             Began as a Demonspawn Abyssal Knight on Dec 2, 2020.
             Was a Believer of Lugonu.
             Slain by an iguana (8 damage)
             ... on level 4 of the Dungeon.
             The game lasted 00:10:15 (4329 turns).

VictoriousLee the Slasher (DsAK)                    Turns: 4329, Time: 00:10:15

Health: -1/41      AC:  7    Str: 12    XL:     5   Next: 92%
Magic:  0/6        EV:  9    Int: 15    God:    Lugonu [**....]
Gold:   83         SH:  0    Dex: 12    Spells: 4/4 levels left

rFire    . . .     SeeInvis +   a - +1 falchion
rCold    . . .     Gourm    .   (no shield)
rNeg     . . .     Faith    .   d - +0 scale mail
rPois    .         Spirit   +   r - +0 helmet
rElec    .         Reflect  .   (no cloak)
rCorr    .         Harm     .   (no gloves)
MR       .....                  (no boots)
Stlth    ..........             (no amulet)
HPRegen  0.13/turn              x - ring of see invisible
MPRegen  0.10/turn              (no ring)

@: no status effects
A: demonic guardian 1, magic shield
a: Depart the Abyss, Bend Space, Renounce Religion


You were on level 4 of the Dungeon.
You worshipped Lugonu.
Lugonu was pleased with you.
You were not hungry.

You visited 1 branch of the dungeon, and saw 4 of its levels.
You visited the Abyss 1 time.

You collected 83 gold pieces.

Inventory:

Hand Weapons
 a - a +1 falchion (weapon)
 h - a +2 dagger of draining
Missiles
 e - 108 stones (quivered)
 n - 35 sling bullets
Armour
 b - a +0 leather armour
 d - a +0 scale mail (worn)
 m - a +0 ring mail
 o - a +0 leather armour
 r - a +0 helmet (worn)
Jewellery
 x - a ring of see invisible (left hand)
Wands
 f - a wand of iceblast (9)
 v - a wand of random effects (15)
Scrolls
 g - 2 scrolls of teleportation
 i - 2 scrolls of fog {unknown}
 j - 2 scrolls of remove curse
 k - 2 scrolls of identify
 l - 2 scrolls of immolation {unknown}
 p - 2 scrolls of enchant weapon {unknown}
 w - a scroll of amnesia {unknown}
 y - a scroll of enchant armour {unknown}
Potions
 q - 2 potions of curing {unknown}
 s - a potion of brilliance {unknown}
 t - a potion of might {unknown}
 u - a potion of berserk rage {unknown}
 z - a potion of invisibility {unknown}
Comestibles
 c - a ration


   Skills:
 - Level 3.2 Fighting
 * Level 5.6 Long Blades
 - Level 1.7 Armour
 - Level 0.8 Dodging
 + Level 2.5 Invocations


You had 4 spell levels left.
You didn't know any spells.
Your spell library was empty.

Dungeon Overview and Level Annotations

Branches:
Dungeon (4/15)             Temple (0/1) D:4

Altars:
Trog
Vehumet

Annotations:
D:3 3 runed translucent doors, raphaelitos's ghost, amateur FoFi


Innate Abilities, Weirdness & Mutations

A weak demonic guardian rushes to your aid.
When hurt, damage is shared between your health and your magic reserves.


Message History

The iguana barely misses you.
You hit the iguana but do no damage.
The iguana is severely wounded.
The iguana barely misses you.
You hit the iguana but do no damage.
The iguana is severely wounded.
The iguana bites you.
You barely miss the iguana.
The iguana is severely wounded.
The iguana bites you!
* * * LOW HITPOINT WARNING * * *
Okay, then.
You hit the iguana but do no damage.
The iguana is severely wounded.
The iguana bites you.
* * * LOW HITPOINT WARNING * * *
Evoke which item? (* to show all) (? for menu, Esc to quit)
Okay, then.
The iguana bites you!
You die...

#..## #.## ##..## ..#
##..# ..# . ##..## #.# ..
#....## #.# ...
#.##..###.## ..#
###.##...##..#### ..
#.PP.##..##.....#####.####
≈≈≈≈PP#....#####@l.......#
≈≈PP≈≈##...# #########...
P♣♣♣♣P≈...## ♣ ♣≈≈.P..#
♣≈P.P.## ♣P≈...# ♣P≈P..##
≈≈≈P#.# ≈P...


You could see an iguana.

Vanquished Creatures
  An orc wizard (D:3)
  Ijyb (D:2)
  Jessica (D:3)
  A worker ant (D:4)
  2 adders (D:4)
  2 worms (D:3)
  4 dart slugs
  2 leopard geckos
  2 orcs (D:3)
  4 ball pythons
  3 giant cockroaches
  17 goblins
  3 hobgoblins
  5 jackals
  9 kobolds
  3 quokkas
  10 bats
  3 frilled lizards
  6 rats
79 creatures vanquished.

Vanquished Creatures (collateral kills)
  A wyvern skeleton (D:4)
1 creature vanquished.

Grand Total: 80 creatures vanquished

Notes
Turn   | Place    | Note
-------+----------+-------------------------------------------
     0 | Abyss:1  | VictoriousLee the Demonspawn Abyssal Knight began the quest
                  | for the Orb.
     0 | Abyss:1  | Reached XP level 1. HP: 18/18 MP: 2/2
    24 | Abyss:1  | Noticed a small abomination
    25 | D:1      | Escaped the Abyss
    95 | D:1      | Reached skill level 2 in Long Blades
   172 | D:1      | Gained mutation: When hurt, damage is shared between your
                  | health and your magic reserves. [demonic ancestry]
   172 | D:1      | Reached XP level 2. HP: 24/24 MP: 3/3
   258 | D:1      | Reached * piety under Lugonu
   648 | D:1      | Reached skill level 3 in Long Blades
   648 | D:1      | Reached XP level 3. HP: 29/29 MP: 4/4
  1518 | D:2      | Noticed Ijyb
  1573 | D:2      | Killed Ijyb
  1573 | D:2      | Gained mutation: A weak demonic guardian rushes to your
                  | aid. [demonic ancestry]
  1573 | D:2      | Reached XP level 4. HP: 22/35 MP: 5/5
  1578 | D:2      | Reached skill level 4 in Long Blades
  1580 | D:2      | Reached ** piety under Lugonu
  2449 | D:3      | Found a runed translucent gate.
  2449 | D:3      | Found a runed translucent gate.
  2449 | D:3      | Found a runed translucent gate.
  2450 | D:3      | Noticed raphaelitos's ghost (amateur FoFi)
  2459 | D:3      | Noticed Jessica
  2464 | D:3      | Killed Jessica
  2533 | D:3      | Reached XP level 5. HP: 13/41 MP: 2/6
  2783 | D:3      | Found a radiant altar of Vehumet.
  3584 | D:4      | Found a bloodstained altar of Trog.
  3605 | D:4      | Reached skill level 5 in Long Blades
  3975 | D:4      | Found a staircase to the Ecumenical Temple.
  4329 | D:4      | Slain by an iguana

Illustrated notes

Levels and vault maps discovered:
D:1:      psy_arrival_dodecagon, layout_basic, hangedman_abyss_or_decor_stabs
D:2:      kennysheep_the_goblin_king, layout_basic
D:3:      layout_basic, vehumet_crystals, gammafunk_ghost_necromancy,
          uniq_jessica
D:4:      layout_cave_pods, bloody_trog, minmay_temple_entry_mist,
          grunt_ministairs_2, serial_bayou_pond_c

Skill      XL: |  1  2  3  4  5 |
---------------+----------------+-----
Long Blades    | 2 3 4 5 |  5.6
Fighting       | |  3.2
Armour         | |  1.7
Dodging        | |  0.8
Invocations    | |  2.5

Action                   |  1- 3 |  4- 6 || total
-------------------------+-------+-------++-------
Melee: Falchion          |   140 |   170 ||   310
Invok: Depart the Abyss  |     1 |       ||     1
  Use: Scroll            |       |     3 ||     3
  Eat: Chunk             |     2 |     6 ||     8
       Ration            |       |     1 ||     1
Armor: Scale mail        |    75 |    87 ||   162
Dodge: Dodged            |    62 |    83 ||   145
       Rpst.: Falchion   |    25 |    21 ||    46
